 Dungeon Crawl Stone Soup version 0.25.1-8-g42b30a86e7 (webtiles) character file.

Game seed: 881032598808360298

8519 zeroc00l the Frost Mage (level 11, 0/95 HPs)
             Began as a Ghoul Ice Elementalist on Dec 15, 2020.
             Was a Priest of Vehumet.
             Slain by a minotaur
             ... wielding the +11 glaive of Anguish {vorpal, rElec rF+ rC+ Dex+4}
              (5 damage)
             ... in a Gauntlet.
             The game lasted 01:14:23 (9480 turns).

zeroc00l the Frost Mage (Ghoul Ice Elementalist)    Turns: 9480, Time: 01:14:23

Health: 0/95       AC: 17    Str: 13    XL:     11   Next: 32%
Magic:  23/26      EV: 15    Int: 13    God:    Vehumet [***...]
Gold:   620        SH:  0    Dex:  9    Spells: 6/20 levels left

rFire    . . .     SeeInvis .   b - +0 morningstar (flame)
rCold    + . .     Gourm    .   (no shield)
rNeg     + + +     Faith    .   j - +3 leather armour
rPois    ∞         Spirit   .   N - +0 helmet
rElec    .         Reflect  .   l - +2 cloak
rCorr    .         Harm     .   V - +0 pair of gloves
MR       .....     NoTele   +   k - +1 pair of boots
Stlth    +.........             q - amulet of regeneration
HPRegen  0.00/turn              C - +4 ring of protection
MPRegen  0.20/turn              G - ring of magical power

@: frozen ramparts, rotting
A: rotting body, claws 1, carnivore, cold resistance 1, negative energy
resistance 3, inhibited regeneration, torment resistance, unbreathing
a: Renounce Religion


You were in a Gauntlet.
You worshipped Vehumet.
Vehumet was most pleased with you.
You were not hungry.

You visited 3 branches of the dungeon, and saw 11 of its levels.
You also visited: Gauntlet.

You collected 620 gold pieces.

Inventory:

Hand Weapons
 a - a +1 short sword of protection
 b - a +0 morningstar of flaming (weapon)
 r - a +0 war axe of electrocution
 L - a +0 glaive of venom
Missiles
 m - 17 javelins (quivered)
 A - 2 boomerangs
 F - 5 boomerangs of dispersal
 P - 13 silver boomerangs
Armour
 d - the +0 cloak of Ampaesoxt {rF- rC+ Int+3}
   (You found it in a Gauntlet)

   It affects your intelligence (+3).
   It makes you vulnerable to fire.
   It protects you from cold.
 f - a scarf of resistance
 h - the +0 pair of gloves of Patience {+Fly Regen+ Str+3 Int-4}
   (You found it in a Gauntlet)

   It affects your strength (+3).
   It affects your intelligence (-4).
   It lets you fly.
   It increases your rate of regeneration.
 j - a +3 leather armour (worn)
 k - a +1 pair of boots (worn)
 l - a +2 cloak (worn)
 N - a +0 helmet (worn)
 V - a +0 pair of gloves (worn)
Jewellery
 q - an amulet of regeneration (around neck)
 C - a +4 ring of protection (left hand)
 G - a ring of magical power (right hand)
Wands
 H - a wand of polymorph (27)
 M - a wand of clouds (1)
 R - a wand of iceblast (2)
 U - a wand of flame (17)
Scrolls
 g - 2 scrolls of blinking
 u - 6 scrolls of teleportation
 I - 3 scrolls of fear
 O - a scroll of silence
Potions
 e - a potion of haste
 i - 2 potions of resistance
 t - 2 potions of might {unknown}
 v - a potion of heal wounds
 x - a potion of flight
 z - a potion of cancellation {unknown}
 J - a potion of curing
 S - a potion of brilliance {unknown}
 T - a potion of magic {unknown}
Comestibles
 c - 20 rations


   Skills:
 + Level 8.7 Fighting
 + Level 8.0 Dodging
 - Level 2.1 Stealth
 - Level 5.1 Spellcasting
 - Level 2.2 Conjurations
 - Level 3.0 Charms
 - Level 6.3 Summonings
 * Level 9.4 Ice Magic


You had 6 spell levels left.
You knew the following spells:

 Your Spells              Type           Power        Failure   Level  Hunger
a - Freeze                Ice            ####         1%          1    None
b - Frozen Ramparts       Ice            ####..       1%          3    ###....
c - Ozocubu's Armour      Chrm/Ice       ###.....     5%          3    ###....
d - Summon Ice Beast      Ice/Summ       ###.....     9%          4    ####...
e - Shock                 Conj/Air       #...         4%          1    None
f - Searing Ray           Conj           #.....       4%          2    ##.....

Your spell library contained the following spells:

 Spells                   Type           Power        Failure   Level  Hunger
 Ignite Poison            Fire/Tmut/Pois #.......     17%         3    ###....
 Summon Butterflies       Summ           ###.....     1%          1    None
 Hailstorm                Conj/Ice       ###.....     6%          4    ####...
 Sandblast                Erth           #.....       7%          1    None
 Stone Arrow              Conj/Erth      #.....       12%         3    ###....
 Passwall                 Tmut/Erth      #.......     34%         2    ##.....
 Spectral Weapon          Hex/Chrm       #.......     36%         3    ###....
 Lee's Rapid Deconstruct  Erth           #.........   82%         5    ######.
 Petrify                  Tmut/Erth      #.......     93%         4    ####...
 Dragon's Call            Summ           ###.......   100%        9    #######


Dungeon Overview and Level Annotations

Branches:
Dungeon (8/15)             Temple (1/1) D:5            Lair (2/6) D:8
  Snake (0/4) Lair:2      Gauntlet (1/1)
  Swamp: Lair:2-4    Shoals: Lair:2-4

Altars:
Cheibriados
Dithmenos
Elyvilon
Fedhas
Gozag
Hepliaklqana
Makhleb
Nemelex Xobeh
Qazlal
Ru
Sif Muna
Trog
Vehumet
Yredelemnul
Zin

Annotations:
Gauntlet 8 transporters


Innate Abilities, Weirdness & Mutations

Your body is rotting away.
You thrive on raw meat.
You are immune to poison.
You have sharp fingernails.
You are carnivorous and can eat meat at any time.
Your flesh is cold resistant. (rC+)
You are immune to negative energy. (rN+++)
You do not regenerate when monsters are visible.
You are immune to unholy pain and torment.
You can survive without breathing.


Message History

Casting: Frozen Ramparts (safe; 1% risk of failure)
Confirm with . or Enter, or press ? or * to list all spells.
The walls around you are covered in ice.
The minotaur is engulfed in blazing flames.
The minotaur completely resists.
The wall freezes the minotaur but do no damage.
The minotaur throws a javelin.
The javelin closely misses you.
Evoke which item? (* to show all) (? for menu, Esc to quit)
Aiming: Throw Flame
Press: ? - help, Shift-Dir - straight line, f/p - minotaur
Aim: a minotaur, wielding the +11 glaive of Anguish {vorpal, rElec rF+ rC+ Dex+4}, wearing a +0 chain mail and quivering a javelin (flame, moderately wounded)
The puff of flame hits the minotaur.
The minotaur resists.
The minotaur is moderately wounded.
The minotaur is engulfed in blazing flames.
The minotaur resists.
The wall freezes the minotaur.
The minotaur is engulfed in blazing flames.
The minotaur resists.
The wall freezes the minotaur.
The minotaur hits you with the +11 glaive of Anguish {vorpal, rElec rF+ rC+ Dex+4}!!!
* * * LOW HITPOINT WARNING * * *
You die...

........#####
.....8.####.#
......§≈##..#############
####...##...##..........#
...#...#....##.########.#
..!#...#.8©.##.#§(..(.#.#
...#...#....##.#☼####.#.#
#.©#.8.#.8©....#H# #.#
##s#...#....####@######.#
#.s#...#.8©.# #((......#
..y#...#....# ##########
####...##...#
.......§##..#
.....8.####.#
........##### #####...≈#
#^..#...##


You could see a minotaur.

Vanquished Creatures
  A hydra (Lair:1)
  2 large abominations (Gauntlet)
  A nameless horror (D:5)
  3 spiny frogs (Lair:1)
  A tyrant leech (Gauntlet)
  4 blink frogs (Lair:2)
  A hippogriff (Lair:2)
  A basilisk (Lair:2)
  4 nagas (Lair:2)
  2 swamp worms (Gauntlet)
  Duvessa (D:7)
  2 water moccasins (Lair:1)
  2 phantoms (D:6)
  2 orc warriors
  An ice beast (D:5)
  2 sky beasts
  2 ogres
  A black bear (D:6)
  11 wolves
  3 crocodiles
  5 bullfrogs
  Dowan (D:7)
  A water moccasin skeleton (D:5)
  6 small abominations (Gauntlet)
  A bullfrog zombie (D:7)
  3 crimson imps
  2 centaur zombies
  A jelly (D:6)
  5 hounds
  A centaur skeleton (D:4)
  6 orc priests
  9 orc wizards
  Jessica (D:3)
  An iguana (D:8)
  A hound zombie (D:5)
  A worker ant zombie (D:5)
  A howler monkey skeleton (D:2)
  7 adders
  A shadow imp (D:6)
  2 oozes (D:1)
  An adder skeleton (D:6)
  2 dart slugs (D:1)
  2 worms
  2 leopard geckos
  30 orcs
  3 bats
  9 giant cockroaches
  6 goblins
  9 hobgoblins
  7 jackals (D:5)
  8 kobolds
  9 quokkas
  A ball python (D:3)
  5 frilled lizards
  A jackal skeleton (D:6)
  A quokka skeleton (D:6)
  7 rats
206 creatures vanquished.

Vanquished Creatures (collateral kills)
  A hippogriff (Lair:1)
1 creature vanquished.

Vanquished Creatures (others)
  A bat (D:2)
  7 demonic plants (Gauntlet)
  3 fungi (Lair:2)
  A plant (Lair:2)
12 creatures vanquished.

Grand Total: 219 creatures vanquished

Notes
Turn   | Place    | Note
-------+----------+-------------------------------------------
     0 | D:1      | zeroc00l the Ghoul Ice Elementalist began the quest for the
                  | Orb.
     0 | D:1      | Reached XP level 1. HP: 14/14 MP: 2/2
   103 | D:1      | Reached XP level 2. HP: 16/19 MP: 1/3
   946 | D:1      | Reached XP level 3. HP: 20/26 MP: 3/5
  1134 | D:1      | Learned a level 3 spell: Frozen Ramparts
  1142 | D:1      | Reached skill level 5 in Ice Magic
  1324 | D:2      | Reached XP level 4. HP: 31/33 MP: 3/6
  1524 | D:2      | Found a faded altar of an unknown god.
  1855 | D:3      | Learned a level 3 spell: Ozocubu's Armour
  2176 | D:3      | Noticed Jessica
  2211 | D:3      | Killed Jessica
  2211 | D:3      | Reached XP level 5. HP: 38/38 MP: 3/7
  2510 | D:3      | Reached skill level 6 in Ice Magic
  3136 | D:4      | Reached XP level 6. HP: 34/45 MP: 9/9
  3142 | D:4      | Learned a level 4 spell: Summon Ice Beast
  3289 | D:4      | Reached skill level 1 in Fighting
  3289 | D:4      | Reached skill level 1 in Summonings
  3554 | D:4      | Found a blossoming altar of Fedhas.
  3717 | D:4      | Reached XP level 7. HP: 49/52 MP: 6/10
  4053 | D:5      | Entered Level 5 of the Dungeon
  4078 | D:5      | Found a staircase to the Ecumenical Temple.
  4087 | Temple   | Entered the Ecumenical Temple
  4105 | Temple   | Became a worshipper of Vehumet
  4257 | D:5      | Noticed a nameless horror
  4307 | D:5      | Killed a nameless horror
  4623 | D:5      | Found a stormy altar of Qazlal.
  4828 | D:5      | Found a snail-covered altar of Cheibriados.
  4852 | D:5      | Found a sparkling altar of Nemelex Xobeh.
  4852 | D:5      | Found a faded altar of an unknown god.
  4878 | D:5      | Found a white marble altar of Elyvilon.
  4880 | D:5      | Found a faded altar of an unknown god.
  4882 | D:5      | Found a shadowy altar of Dithmenos.
  5033 | D:5      | Reached XP level 8. HP: 28/63 MP: 0/11
  5058 | D:5      | Reached * piety under Vehumet
  5058 | D:5      | Offered knowledge of Shock by Vehumet.
  5175 | D:5      | Learned a level 1 spell: Shock
  5745 | D:6      | Reached skill level 7 in Ice Magic
  5854 | D:6      | Reached skill level 1 in Charms
  6103 | D:6      | Reached skill level 5 in Dodging
  6431 | D:6      | Reached XP level 9. HP: 46/73 MP: 5/12
  6558 | D:6      | Reached skill level 5 in Fighting
  6604 | D:6      | Offered knowledge of Searing Ray by Vehumet.
  6608 | D:6      | Learned a level 2 spell: Searing Ray
  6793 | D:7      | Reached skill level 5 in Summonings
  6862 | D:7      | Found a bloodstained altar of Trog.
  6872 | D:7      | Noticed Duvessa
  6872 | D:7      | Noticed Dowan
  6878 | D:7      | Reached ** piety under Vehumet
  6884 | D:7      | Killed Duvessa
  6886 | D:7      | Killed Dowan
  6989 | D:7      | Reached skill level 1 in Conjurations
  7185 | D:7      | Found a burning altar of Makhleb.
  7233 | D:7      | Got a glittering lapis lazuli ring
  7239 | D:7      | Identified the ring "Heodyfob" {*Contam rCorr Str+5} (You
                  | found it on level 7 of the Dungeon)
  7425 | D:7      | Got a slimy golden ring
  7431 | D:7      | Identified the ring of Fedhas's Approval {*Drain rPois rC+
                  | Str+2} (You found it on level 7 of the Dungeon)
  7493 | D:8      | Found a staircase to the Lair.
  7529 | Lair:1   | Entered Level 1 of the Lair of Beasts
  7537 | Lair:1   | Noticed an eight-headed hydra
  7543 | Lair:1   | Killed an eight-headed hydra
  7551 | Lair:1   | Reached XP level 10. HP: 72/84 MP: 13/13
  7636 | Lair:1   | Noticed a spiny frog
  7645 | Lair:1   | Killed a spiny frog
  8030 | Lair:1   | Noticed a spiny frog
  8042 | Lair:1   | Killed a spiny frog
  8042 | Lair:1   | Reached skill level 8 in Ice Magic
  8321 | Lair:1   | Noticed a spiny frog
  8331 | Lair:1   | Killed a spiny frog
  8562 | Lair:2   | Found a staircase to the Snake Pit.
  8641 | Lair:2   | Offered knowledge of Ignite Poison by Vehumet.
  8649 | Lair:2   | Reached skill level 5 in Spellcasting
  8674 | Lair:2   | Reached XP level 11. HP: 54/94 MP: 5/17
  8707 | Lair:2   | Found a gate leading to a gauntlet.
  8727 | Gauntlet | Entered a Gauntlet
  8727 | Gauntlet | Found a transporter.
  8729 | Gauntlet | Noticed a large abomination
  8730 | Gauntlet | Found a transporter.
  8731 | Gauntlet | Found a transporter.
  8732 | Gauntlet | Found a transporter.
  8735 | Gauntlet | Found a transporter.
  8736 | Gauntlet | Found a transporter.
  8744 | Gauntlet | Found a transporter.
  8744 | Gauntlet | Noticed a moth of wrath
  8756 | Gauntlet | Found a transporter.
  8812 | Gauntlet | Noticed a thrashing horror
  8812 | Gauntlet | Noticed a thrashing horror
  8815 | Gauntlet | Found a transporter.
  8816 | Gauntlet | Found a transporter.
  8820 | Gauntlet | Found a transporter.
  8835 | Gauntlet | Found a transporter.
  8840 | Gauntlet | Noticed a sixfirhy
  8841 | Gauntlet | Noticed a sixfirhy
  8959 | Gauntlet | Got an ichor-stained cloak
  8970 | Gauntlet | Reached *** piety under Vehumet
  8976 | Gauntlet | Killed a large abomination
  8976 | Gauntlet | Reached skill level 9 in Ice Magic
  9148 | Gauntlet | Got a pair of distressingly furry gloves
  9149 | Gauntlet | Identified the Volume of Creative Augmentations
  9229 | Gauntlet | Identified the +0 cloak of Ampaesoxt {rF- rC+ Int+3} (You
                  | found it in a Gauntlet)
  9249 | Gauntlet | Identified the +0 pair of gloves of Patience {+Fly Regen+
                  | Str+3 Int-4} (You found it in a Gauntlet)
  9288 | Gauntlet | Identified the +11 glaive of Anguish {vorpal, rElec rF+ rC+
                  | Dex+4}
  9288 | Gauntlet | Noticed a minotaur
  9480 | Gauntlet | Slain by a minotaur

Illustrated notes

Levels and vault maps discovered:
D:1:      psy_arrival_conway, layout_loops_ring
D:2:      layout_rooms, chequers_ecumenical_altar_grove, kennysheep_cross_room
D:3:      layout_basic, first_ration, uniq_jessica
D:4:      layout_basic, fedhas_altar_4
D:5:      layout_basic, lemuel_coloured_pillars_altar, marbit_many_paths,
          chequers_temple_overflow_minitemple, minmay_temple_entry_hall
D:6:      layout_basic, kennysheep_generic_room_9
D:7:      layout_rooms, bloody_trog, overflow_temple_1_default, uniq_duvessa
D:8:      layout_loops_corners, lair_entry_dummy, serial_shops, shop,
          uniq_harold
Temple:   dshaligram_water_room_temple
Lair:1:   layout_chaotic_city, lemuel_fruit_tree
Lair:2:   layout_cave_pods, minmay_snake_entry_guardpost_small,
          gauntlet_entry_generic, minmay_lair_oklob_chamber
Gauntlet: minmay_gauntlet_mixed_oops_all_seconds
          [minmay_gauntlet_arena_77_museum, gammafunk_gauntlet_arena_mazey,
          minmay_gauntlet_arena_77_two_lines, gammafunk_gauntlet_arena_split_x,
          minmay_gauntlet_arena_77_double_cross,
          gammafunk_gauntlet_arena_chambers, gauntlet_exit_spiral]

Skill      XL: |  1  2  3  4  5  6  7  8  9 10 11 |
---------------+----------------------------------+-----
Dodging        | 2 3 4 5 6 7 8 |  8.0
Spellcasting   | 2 3 5 |  5.1
Ice Magic      | 5 6 7 8 9 |  9.4
Fighting       | 1 3 4 6 8 |  8.7
Summonings     | 2 4 6 |  6.3
Charms         | 3 |  3.0
Conjurations   | 2 |  2.2
Stealth        | |  2.1

Action                   |  1- 3 |  4- 6 |  7- 9 | 10-12 || total
-------------------------+-------+-------+-------+-------++-------
Melee: Unarmed           |     4 |       |       |       ||     4
       Dagger            |    10 |       |       |       ||    10
       Short sword       |    20 |    64 |   105 |       ||   189
       Morningstar       |       |     7 |    90 |    31 ||   128
Throw: Javelin           |       |     4 |     7 |     1 ||    12
       Boomerang         |       |       |    26 |     7 ||    33
       Throwing net      |       |       |     1 |       ||     1
       Dart              |       |       |     8 |       ||     8
 Cast: Freeze            |    39 |    65 |   109 |    92 ||   305
       Frozen Ramparts   |       |     4 |    13 |    17 ||    34
       Ozocubu's Armour  |       |       |     6 |     5 ||    11
       Shock             |       |       |    11 |       ||    11
       Summon Ice Beast  |       |       |     3 |     8 ||    11
       Searing Ray       |       |       |     1 |       ||     1
Evoke: Wand              |       |       |     6 |    13 ||    19
  Use: Scroll            |     4 |     5 |     7 |     5 ||    21
       Potion            |       |       |     6 |     5 ||    11
 Stab: Sleeping          |     3 |     3 |     2 |     1 ||     9
  Eat: Chunk             |    14 |    26 |    32 |    22 ||    94
Armor: Robe              |     1 |       |       |       ||     1
       Leather armour    |    16 |    48 |   166 |    61 ||   291
Dodge: Dodged            |    41 |    74 |   207 |   106 ||   428
